 Seeded DCSS version 0.29-a0-360-g8ed1089bbe (webtiles) character file.

Game seed: 3835982142597306518 (custom seed)

0 donath the Grasshopper (level 1, -2/19 HPs)
             Began as a Naga Warper on Apr 29, 2022.
             Slain by a kobold
             ... wielding a +0 short sword
              (3 damage)
             ... on level 1 of the Dungeon.
             The game lasted 00:00:07 (31 turns).

donath the Grasshopper (Naga Warper)                  Turns: 31, Time: 00:00:08

Health: -2/19      AC:  1    Str: 13    XL:     1   Next: 10%
Magic:  3/3        EV:  9    Int: 13    God:
Gold:   0          SH:  0    Dex: 10    Spells: 4/4 levels left

rFire   . . .      SeeInvis +   a - +0 mace
rCold   . . .      Faith    .   (no shield)
rNeg    . . .      Spirit   .   b - +0 leather armour
rPois   +          Reflect  .   (no helmet)
rElec   .          Harm     .   (no cloak)
rCorr   .          Rampage  .   (no gloves)
Will    .....                   (no barding)
Stlth   +.........              (no amulet)
HPRegen 0.06/turn               (no ring)
MPRegen 0.08/turn               (no ring)

@: very slow
A: AC +0, large, see invisible, deformed body, poison resistance, slowness 2,
spit poison 1, naga tail 1
a: Spit Poison


You were on level 1 of the Dungeon.
You visited 1 branch of the dungeon, and saw 1 of its levels.

Inventory:

Hand Weapons
 a - a +0 mace (weapon)
Missiles
 d - 7 boomerangs of dispersal (quivered)
Armour
 b - a +0 leather armour (worn)
Scrolls
 c - a scroll of blinking
 f - a scroll of enchant armour {unknown}
Potions
 e - a potion of might {unknown}


   Skills:
 + Level 2.0 Fighting
 + Level 2.0 Maces & Flails
 + Level 0.8 Throwing
 + Level 0.8 Armour
 + Level 1.5 Dodging
 + Level 2.0 Spellcasting
 + Level 3.0 Translocations


You had 4 spell levels left.
You didn't know any spells.
Your spell library contained the following spells:

 Spells                   Type           Power      Damage    Failure   Level
 Blink                    Tloc           18%        N/A       14%         2
 Gell's Gravitas          Tloc           9%         N/A       28%         3
 Lesser Beckoning         Tloc           9%         N/A       28%         3
 Teleport Other           Tloc           9%         N/A       28%         3
 Manifold Assault         Tloc           9%         N/A       95%         5


Dungeon Overview and Level Annotations

Branches:
Dungeon (1/15)

Altars:


Innate Abilities, Weirdness & Mutations

Your serpentine skin is tough. (AC +0)
You have supernaturally acute eyesight. (SInv)
Armour fits poorly on your strangely shaped body.
Your system is resistant to poisons. (rPois)
You cover ground very slowly.
You can spit poison.
You have a snake-like lower body.


Message History

Welcome, donath the Naga Warper.
Game seed: 3835982142597306518 (custom seed) Press ? for a list of commands and other information.
Found a staircase leading out of the dungeon.
Found an escape hatch in the floor.
e - a fizzy inky potion
f - a scroll labelled OXAMAGUVAI A rat comes into view.
The rat twitches its whiskers.
A rat is nearby!
Found a ring mail and 19 gold pieces.
A bat comes into view.
The rat bites you.
You hit the rat.
You kill the rat!
The bat closely misses you.
A kobold comes into view. It is wielding a +0 short sword.
The kobold shouts!
The bat closely misses you. x2
The bat hits you but does no damage. The bat hits you. The bat hits you.
You barely miss the kobold.
The kobold hits you with a +0 short sword.
You hit the kobold but do no damage. The kobold hits you but does no damage.
You hit the kobold.
The kobold is severely wounded.
The kobold hits you with a +0 short sword.
* * * LOW HITPOINT WARNING * * *
The kobold barely misses you.
You barely miss the kobold.
The kobold is severely wounded.
The kobold hits you with a +0 short sword.
* * * LOW HITPOINT WARNING * * *
You miss the kobold.
The kobold is severely wounded.
The kobold hits you with a +0 short sword.
You die...

...#......#.......#
..........#.##....#
.......#....##....#
......<#....##....#
##...###....##....#
..... ....#.##....#
..........#.####.##
..###...###.# #.#
## ###. #.# #@# #.
.# #K# #...b...#
#.........#
#.#.....[.#
#.........#
#........$#
....#.......
#############


You could see a bat and a kobold.

Vanquished Creatures
  A rat (D:1)
1 creature vanquished.

Notes
Turn   | Place    | Note
-------+----------+-------------------------------------------
     0 | D:1      | donath the Naga Warper began the quest for the Orb.
     0 | D:1      | Reached XP level 1. HP: 19/19 MP: 3/3
    31 | D:1      | Slain by a kobold

Illustrated notes

Levels and vault maps discovered:
D:1:      minmay_arrival_open_corners, layout_rooms, serial_curves,
          eino_curves_02, eino_curves_02, shapermc_ecumenical_altar_petra

Action                   || total
-------------------------++-------
Melee: Mace              ||     6
Armor: Leather armour    ||     2
Dodge: Dodged            ||     4

Table legend: (Time is in decaauts)
 A = Elapsed time spent in this place.
 B = Non-inter-level travel time spent in this place.
 C = Inter-level travel time spent in this place.
 D = Time resting spent in this place.
 E = Time spent auto-exploring this place.
 F = Levels seen in this place.
 G = Mean time per level.
                   A        B        C        D        E       F      G
               +--------+--------+--------+--------+--------+-----+--------+
         Total |     41 |     41 |      0 |      0 |     21 |   1 |   41.0 |
       Dungeon |     41 |     41 |      0 |      0 |     21 |   1 |   41.0 |
               +--------+--------+--------+--------+--------+-----+--------+

Top non-repeatable levels by time:
     D:1: 41 daAuts
